Map: Kairos Junction LE

Players

SortOf

  • Race: Zerg Zerg
  • Spawn Location: 5:00

Cloudy - Winner!

  • Race: Protoss Protoss
  • Spawn Location: 11:00

Event: 2019 WCS Spring

VOD

Have the link to the VOD?

Description

Time

  • Played on: May 18, 2019, 7:59 a.m.
  • Length: 8:10

All games in this series

Show
View Real Time Build Order
Export as new Build Order

SortOf Zerg 

Build Orders: Hatch First 

Get SALT Encoding   

  12  0:00  Drone  
  13  0:12  Overlord  
  13  0:17  Drone  
  14  0:31  Drone x2  
  16  0:36  Drone  
  17  0:57  Hatchery  
  17  0:58  Drone  
  17  1:00  Drone  
  18  1:22  Drone x2  
  18  1:24  Spawning Pool  
  19  1:26  Extractor  
  19  1:29  Drone  
  19  1:42  Drone  
  20  1:50  Overlord  
  20  2:04  Hatchery  
  20  2:11  Queen  
  20  2:12  Zergling x4  
  23  2:17  Hatchery  
  22  2:25  Drone  
  23  2:33  Drone  
  24  2:43  Overlord  
  24  2:44  Metabolic Boost  
  24  2:47  Queen  
  26  2:55  Zergling x2  
  27  3:11  Drone  
  28  3:16  Queen  
  28  3:18  Drone x2  
  32  3:26  Drone x2  
  34  3:31  Queen, Drone x2  
  38  3:40  Zergling x6  
  41  3:44  Drone  
  38  3:52  Drone  
  36  3:56  Drone  
  36  4:01  Drone x2  
  39  4:07  Overlord  
  39  4:09  Drone  
  40  4:11  Drone  
  40  4:14  Drone  
  42  4:19  Overlord  
  42  4:26  Overlord  
  42  4:29  Drone x3  
  42  4:31  Drone  
  46  4:34  Drone x2  
  46  4:37  Zergling x2  
  49  4:41  Drone x2  
  51  4:47  Roach Warren  
  51  4:51  Drone x2  
  52  4:53  Drone  
  52  4:57  Drone x2  
  55  5:00  Drone x2  
  55  5:03  Drone  
  55  5:06  Extractor x2  
  56  5:08  Drone x2  
  56  5:09  Drone  
  56  5:13  Overlord  
  59  5:16  Zergling x4  
  63  5:23  Overlord  
  63  5:27  Overlord  
  60  5:30  Overlord  
  60  5:33  Roach x2  
  64  5:39  Overlord  
  64  5:41  Roach x4  
  70  5:48  Roach x3  
  74  5:56  Roach x3  
  78  6:02  Roach x3  
  84  6:10  Overlord, Roach  
  84  6:11  Roach  
  88  6:17  Zergling x10  
  93  6:24  Ravager x2  
  93  6:25  Zergling x8  
  99  6:27  Overlord  
  99  6:30  Roach  
  101  6:33  Roach  
  101  6:36  Ravager  
  104  6:40  Overlord  
  104  6:41  Ravager  
  104  6:43  Zergling x8  
  109  6:48  Zergling x6  
  109  6:51  Spore Crawler  
  109  6:53  Ravager  
  112  6:57  Zergling x8  
  103  7:10  Roach x5  
  101  7:17  Roach x3  
  100  7:23  Roach x2  
  100  7:24  Zergling x4  
  100  7:28  Roach  
  103  7:33  Roach x2  
  103  7:34  Roach  
  97  7:41  Roach x2  
  97  7:43  Zergling x6  
  91  7:48  Roach  
  79  7:51  Roach  
  79  7:52  Zergling x2  
Show
View Real Time Build Order
Export as new Build Order

Cloudy Protoss - Winner!

Build Orders:  

Get SALT Encoding   

  12  0:01  Probe  
  13  0:13  Probe  
  14  0:19  Pylon  
  14  0:25  Probe  
  15  0:35  Probe  
  15  0:39  Gateway  
  16  0:43  Probe  
  16  0:45  Assimilator  
  17  0:52  Probe  
  18  1:10  Probe  
  19  1:18  Zealot  
  19  1:22  Pylon  
  19  1:23  Probe  
  20  1:31  Cybernetics Core  
  22  1:40  Probe  
  23  1:48  Pylon  
  23  1:54  Pylon  
  23  2:09  Adept  
  23  2:11  Nexus  
  23  2:22  Probe  
  26  2:26  Warp Gate  
  26  2:29  Assimilator  
  26  2:34  Probe  
  27  2:39  Adept  
  29  2:46  Probe  
  30  2:57  Robotics Facility  
  30  2:58  Probe  
  31  3:15  Stalker  
  31  3:23  Probe  
  31  3:25  Probe  
  35  3:30  Gateway  
  35  3:35  Probe  
  35  3:36  Immortal  
  35  3:37  Probe  
  41  3:53  Probe x2  
  39  4:01  Gateway  
  39  4:02  Pylon  
  39  4:06  Probe x2  
  41  4:14  Warp Prism  
  41  4:20  Probe  
  41  4:21  Probe  
  45  4:26  Sentry x2  
  45  4:29  Gateway  
  49  4:32  Probe  
  49  4:33  Probe  
  49  4:37  Assimilator  
  51  4:41  Pylon  
  51  4:44  Pylon  
  51  4:45  Probe  
  52  4:46  Probe  
  52  4:51  Immortal  
  57  5:02  Sentry x2  
  57  5:05  Probe x2  
  63  5:09  Gateway  
  63  5:10  Sentry  
  65  5:15  Pylon  
  65  5:27  Sentry  
  67  5:30  Immortal  
  67  5:32  Gateway  
  67  5:35  Gateway  
  67  5:36  Gateway  
  71  5:56  Sentry x2  
  75  5:58  Zealot  
  75  6:03  Pylon x2  
  77  6:05  Pylon x2  
  77  6:24  Pylon  
  77  6:26  Pylon  
  77  6:30  Sentry x2  
  77  6:31  Zealot x4  
  77  6:32  Zealot x2  
  93  6:47  Zealot x2  
  93  6:51  Zealot x2  
  93  6:52  Zealot x2  
  105  6:55  Zealot x2  
  107  7:10  Stalker x2  
  107  7:14  Zealot x3  
  111  7:16  Sentry  
  105  7:23  Zealot x2  
  91  7:44  Zealot x7  
  89  8:05  Zealot x2  
  89  8:06  Zealot x4  
  89  8:08  Sentry  
Tags
 
Add a new tag
Caveats
  • Supply blocks, unpowered buildings, or Contaminate may cause inaccurate times.
  • Supply counts are checked every 10 seconds.